 Dungeon Crawl Stone Soup version 0.27-a0-1186-g8b4daa1eef (webtiles) character file.

Game seed: 11421280550112414775

114 SJWr the Cudgeller (level 4, -4/29 HPs)
             Began as a Gargoyle Monk on May 20, 2021.
             Slain by Terence
             ... wielding a +1 trident of venom
              (5 damage)
             ... on level 3 of the Dungeon.
             The game lasted 00:05:22 (2707 turns).

SJWr the Cudgeller (Gargoyle Monk)                  Turns: 2707, Time: 00:05:23

Health: -4/29      AC: 13    Str: 15    XL:     4   Next: 98%
Magic:  4/4        EV: 10    Int: 11    God:
Gold:   109        SH:  0    Dex: 12    Spells: 3/3 levels left

rFire    . . .     SeeInvis .   f - +0 whip
rCold    . . .     Faith    .   (no shield)
rNeg     + . .     Spirit   .   i - +0 scale mail
rPois    ∞         Reflect  .   d - +0 helmet
rElec    +         Harm     .   c - +1 cloak
rCorr    .         Rampage  .   (no gloves)
Will     .....                  (no boots)
Stlth    +.........             (no amulet)
HPRegen  0.09/turn              (no ring)
MPRegen  0.09/turn              (no ring)

@: no status effects
A: sickness immunity, AC +3, negative energy resistance 1, electricity
resistance, torment resistance 1, petrification resistance
a: no special abilities


You were on level 3 of the Dungeon.
You visited 1 branch of the dungeon, and saw 3 of its levels.

You collected 109 gold pieces.


Innate Abilities, Weirdness & Mutations

You are immune to sickness and miasma.
Your stone body is resilient. (AC +3)
You are immune to poison.
You resist negative energy. (rN+)
You are resistant to electric shocks. (rElec)
You are resistant to unholy torment.
You are immune to petrification.


   Skills:
 + Level 4.1 Fighting
 * Level 4.4 Maces & Flails
 + Level 2.1 Armour
 - Level 2.4 Dodging
 - Level 2.1 Stealth


You had 3 spell levels left.
You didn't know any spells.
Your spell library contained the following spells:

 Spells                   Type           Power      Damage    Failure   Level
 Shock                    Conj/Air       0%         1d3       80%         1
 Static Discharge         Conj/Air       0%         N/A       91%         2
 Swiftness                Air            0%         N/A       99%         3
 Airstrike                Air            0%         N/A       100%        4
 Lightning Bolt           Conj/Air       0%         1d11      100%        5

Inventory:

Hand Weapons
 a - a +0 mace
 f - a +0 whip (weapon)
Armour
 b - a +0 robe
 c - a +1 cloak (worn)
 d - a +0 helmet (worn)
 e - a +0 ring mail
 i - a +0 scale mail (worn)
Scrolls
 g - a scroll of holy word {unknown}
 h - a scroll of enchant armour {unknown}
 k - 2 scrolls of brand weapon {unknown}
Potions
 j - a potion of mutation

Dungeon Overview and Level Annotations

Branches:
Dungeon (3/15)

Altars:

Shops:
D:3 *

Annotations:
D:3 Ijyb, Terence

.......#.....####....
.......##..#######..#..
............##.....#....
.......†.........#...#..
.......†.#.............
##.##..##...###......###
#.....##.####..@.......
#..##.#..####...J......
##..##.#.###....@.......
#...##.......####g.#....
...##.....#### ..# .
........... ..#
##.#.####... ..# ##.#.#
#.... ..# #.... #.....
..# ##.##. ##..... ..#
#.# .. ....... .##


You could see Ijyb, Terence and an endoplasm.


Message History

* * * LOW HITPOINT WARNING * * *
Ijyb hits you but does no damage. Terence barely misses you.
You hit Ijyb.
Ijyb is severely wounded.
The endoplasm freezes you.
You are frozen.
* * * LOW HITPOINT WARNING * * *
Ijyb hits you but does no damage.
You hit Ijyb.
Ijyb is severely wounded.
Terence hits you from afar with a +1 trident of venom.
* * * LOW HITPOINT WARNING * * *
The endoplasm closely misses you. Ijyb hits you but does no damage.
You hit Ijyb but do no damage.
Ijyb is severely wounded.
Terence shouts, "ATTACK!!!"
Terence hits you but does no damage. The endoplasm hits you.
* * * LOW HITPOINT WARNING * * *
Ijyb hits you with a +0 dagger.
* * * LOW HITPOINT WARNING * * *
You hit Ijyb.
Ijyb is severely wounded.
Terence hits you but does no damage.
The endoplasm hits you but does no damage.
Ijyb hits you with a +0 dagger.
* * * LOW HITPOINT WARNING * * *
You hit Ijyb but do no damage.
Ijyb is severely wounded.
Terence hits you from afar with a +1 trident of venom.
You die...

Skill      XL: |  1  2  3  4 |
---------------+-------------+-----
Armour         | 1 2 |  2.1
Maces & Flails | 4 |  4.4
Fighting       | 4 |  4.1
Dodging        | |  2.4
Stealth        | |  2.1

Action                   |  1- 3 |  4- 6 || total
-------------------------+-------+-------++-------
Melee: Mace              |    42 |       ||    42
       Whip              |   115 |   169 ||   284
  Use: Scroll            |       |     1 ||     1
 Stab: Sleeping          |     2 |       ||     2
Armor: Robe              |     8 |       ||     8
       Ring mail         |    65 |    48 ||   113
       Scale mail        |       |    48 ||    48
Dodge: Dodged            |    89 |    87 ||   176

Levels and vault maps discovered:
D:1:      minmay_arrival_split_and_join, layout_basic, minivault_26,
          minmay_misc_feat_ornament, minmay_splitting_lines,
          minmay_misc_feat_tiny
D:2:      layout_rooms
D:3:      layout_rooms, serial_shops, shop, uniq_terence, uniq_robin, uniq_ijyb

Notes
Turn   | Place    | Note
-------+----------+-------------------------------------------
     0 | D:1      | SJWr the Gargoyle Monk began the quest for the Orb.
     0 | D:1      | Reached XP level 1. HP: 14/14 MP: 1/1
   294 | D:1      | Reached XP level 2. HP: 14/19 MP: 2/2
   436 | D:1      | Reached skill level 1 in Armour
   808 | D:1      | Reached XP level 3. HP: 23/23 MP: 3/3
  1339 | D:2      | Reached skill level 4 in Maces & Flails
  1339 | D:2      | Reached XP level 4. HP: 22/29 MP: 4/4
  1368 | D:2      | Reached skill level 4 in Fighting
  1368 | D:2      | Reached skill level 2 in Armour
  1970 | D:3      | Found Roeza's General Store.
  2048 | D:3      | Noticed Terence
  2072 | D:3      | HP: 2/29 [Terence/+1 trident of venom (2)]
  2666 | D:3      | Noticed Ijyb
  2691 | D:3      | Paralysed by Ijyb for 5 turns
  2706 | D:3      | HP: 1/29 [Ijyb/+0 dagger (2)]
  2707 | D:3      | Slain by Terence

Vanquished Creatures
  An adder (D:2)
  5 gnolls
  A dart slug (D:2)
  An orc (D:3)
  3 ball pythons (D:2)
  3 bats
  2 endoplasms
  2 giant cockroaches
  6 goblins
  6 hobgoblins
  9 jackals
  3 kobolds
  A quokka (D:2)
  3 frilled lizards
  A rat (D:1)
47 creatures vanquished.

Table legend: (Time is in decaauts)
 A = Elapsed time spent in this place.
 B = Non-inter-level travel time spent in this place.
 C = Inter-level travel time spent in this place.
 D = Time resting spent in this place.
 E = Time spent auto-exploring this place.
 F = Levels seen in this place.
 G = Mean time per level.
                   A        B        C        D        E       F      G
               +--------+--------+--------+--------+--------+-----+--------+
         Total |   2688 |   2621 |     67 |    278 |   1811 |   3 |  896.0 |
       Dungeon |   2688 |   2621 |     67 |    278 |   1811 |   3 |  896.0 |
               +--------+--------+--------+--------+--------+-----+--------+

Top non-repeatable levels by time:
     D:2: 1174 daAuts
     D:1: 1072 daAuts
     D:3: 441 daAuts

Table legend:
 A = Non-vault XP
 B = Vault XP
 C = Vault XP percentage of total XP
 D = Non-vault monster count
 E = Vault monster count
 F = Vault count percentage of total count
                 A         B        C        D         E       F
            +---------+---------+-------+---------+---------+-------
      Total |     164 |       0 |   0.0 |      47 |       0 |   0.0
            +---------+---------+-------+---------+---------+-------
        D:1 |      36 |       0 |   0.0 |      14 |       0 |   0.0
        D:2 |     114 |       0 |   0.0 |      26 |       0 |   0.0
        D:3 |      14 |       0 |   0.0 |       7 |       0 |   0.0
            +---------+---------+-------+---------+---------+-------
